 Dungeon Crawl Stone Soup version 0.30-a0-170-g85af917532 (webtiles) character file.

Game seed: 8964977152363346041

758 gelatine the Covered (level 7, -13/63 HPs)
             Began as a Minotaur Fighter on Oct 1, 2022.
             Mangled by a kobold brigand
             ... wielding a +2 short sword of distortion
              (21 damage)
             ... on level 4 of the Dungeon.
             The game lasted 00:07:19 (3067 turns).

gelatine the Covered (Minotaur Fighter)             Turns: 3067, Time: 00:07:20

Health: -13/63     AC: 11    Str: 22    XL:     7   Next: 50%
Magic:  6/6        EV:  8    Int:  5    God:
Gold:   116        SH:  5    Dex: 10    Spells: 6/6 levels left

rFire   . . .      SeeInvis .    v - +2 hammer (drain)
rCold   . . .      Faith    .    c - +0 buckler
rNeg    . . .      Spirit   .    r - +0 chain mail
rPois   .          Reflect  .    (helmet restricted)
rElec   .          Harm     .    u - +0 cloak
rCorr   .          Rampage  .    (no gloves)
Will    .....                    (no boots)
Stlth   ..........               (no amulet)
HPRegen 0.20/turn                (no ring)
MPRegen 0.10/turn                (no ring)

@: no status effects
A: horns 2, retaliatory headbutt
a: no special abilities


You were on level 4 of the Dungeon.
You visited 1 branch of the dungeon, and saw 4 of its levels.

You collected 116 gold pieces.

Inventory:

Hand Weapons
 a - a +0 war axe
 v - a +2 hammer of draining (weapon)
 w - a +2 quarterstaff of chaos
Missiles
 y - 2 boomerangs (quivered)
 z - a throwing net
Armour
 b - a +0 scale mail
 c - a +0 buckler (worn)
 r - a +0 chain mail (worn)
 u - a +0 cloak (worn)
Magical Staves
 x - a staff of fire
Scrolls
 e - 4 scrolls of poison
 f - a scroll of immolation
 i - 2 scrolls of teleportation
 o - a scroll of blinking
 p - a scroll of summoning
 t - a scroll of silence
Potions
 g - 2 potions of cancellation
 h - 2 potions of haste
 k - 2 potions of flight {unknown}
 l - a potion of resistance {unknown}
 m - a potion of curing
 n - 2 potions of mutation
 q - a potion of ambrosia
 s - a potion of degeneration {unknown}


   Skills:
 * Level 6.1 Fighting
 + Level 4.7(4.9) Axes
 + Level 1.6(3.4) Maces & Flails
 * Level 7.1 Armour
 + Level 1.0 Dodging
 + Level 0.4 Stealth
 + Level 5.0 Shields


You had 6 spell levels left.
You didn't know any spells.
Your spell library contained the following spells:

 Spells                   Type           Power      Damage    Failure   Level
 Sublimation of Blood     Necr           0%         N/A       100%        2
 Wereblood                Tmut           0%         N/A       100%        2
 Ozocubu's Armour         Ice            0%         N/A       100%        3
 Passage of Golubria      Tloc           0%         N/A       100%        4
 Silence                  Hex/Air        0%         N/A       100%        5
 Ozocubu's Refrigeration  Ice            0%         4d7       100%        7
 Summon Hydra             Summ           0%         N/A       100%        7
 Lehudib's Crystal Spear  Conj/Erth      0%         10d2      100%        8


Dungeon Overview and Level Annotations

Branches:
Dungeon (4/15)
 Temple: D:4-7

Altars:
Ashenzari
Nemelex Xobeh

Portals:
Abyss: D:4

Annotations:
D:4 1 transporter


Innate Abilities, Weirdness & Mutations

You have a pair of horns on your head.
You reflexively headbutt those who attack you in melee.


Message History

Your base Maces & Flails skill increases to level 1!
Your Armour skill increases to level 7!
Your Shields skill increases to level 5!
A kobold brigand is nearby!
The kobold brigand shouts!
The kobold brigand closely misses you.
You closely miss the kobold brigand. The kobold brigand closely misses you.
You closely miss the kobold brigand.
The kobold brigand hits you with a +2 short sword of distortion.
Space warps around you.
You hit the kobold brigand.
The kobold brigand is lightly wounded.
The kobold brigand hits you but does no damage.
Space warps around you.
You barely miss the kobold brigand. You headbutt the kobold brigand.
The kobold brigand is moderately wounded.
The kobold brigand hits you but does no damage.
You block the kobold brigand's attack.
You barely miss the kobold brigand.
The kobold brigand is moderately wounded.
You feel a little less mighty now. The kobold brigand barely misses you.
You hit the kobold brigand. You drain the kobold brigand.
Your headbutt misses the kobold brigand.
The kobold brigand is severely wounded.
The kobold brigand hits you with a +2 short sword of distortion.
* * * LOW HITPOINT WARNING * * *
Space warps horribly around you!
* * * LOW HITPOINT WARNING * * *
You feel better. You block the kobold brigand's attack.
You hit the kobold brigand.
The kobold brigand is severely wounded.
The kobold brigand barely misses you.
You closely miss the kobold brigand.
The kobold brigand is severely wounded.
You block the kobold brigand's attack.
The kobold brigand hits you with a +2 short sword of distortion!
* * * LOW HITPOINT WARNING * * *
Space warps horribly around you!!
You die...

#....####...#...####.#...#.....
#........................'.....
##......©..............###.....
#....####.......###...........
#....##.###...###K##...#......
#....##...##..# .#.#...#.###..
#.....#..#.#####..##†..'.# #..
#....##.#.#..:K..##....### #..
#...##.^.#.#.@#.##.....#####..
#..©#$.###...#.$#.........####
#...##.#..###...###.......#
#....##..##.####..##......#
#....##..#....##..##......#
#...##.#####...##∩##......#
#...#...#..##..##.##......#
#...##.©.#..#..##.#...#####
#....####.###..##x#...#


You could see a kobold brigand (drained).

Vanquished Creatures
  The ghost of Darkkill the Shooter, an amateur HuHu of Ashenzari (D:4)
  Sigmund (D:2)
  2 small abominations (D:4)
  Crazy Yiuf (D:4)
  Natasha (thrice) (D:2)
  Robin (D:2)
  3 adders (D:2)
  A shadow imp (D:4)
  2 dart slugs
  10 ball pythons
  4 endoplasms
  6 giant cockroaches
  16 goblins
  3 hobgoblins
  3 jackals (D:3)
  3 kobolds
  6 quokkas
  7 bats
  A frilled lizard (D:3)
  5 rats
79 creatures vanquished.

Notes
Turn   | Place    | Note
-------+----------+-------------------------------------------
     0 | D:1      | gelatine the Minotaur Fighter began the quest for the Orb.
     0 | D:1      | Reached XP level 1. HP: 19/19 MP: 0/0
   447 | D:1      | Reached XP level 2. HP: 27/27 MP: 1/1
   834 | D:2      | Noticed Natasha
   837 | D:2      | Killed Natasha
   838 | D:2      | Reached XP level 3. HP: 33/34 MP: 2/2
   880 | D:2      | Reached skill level 4 in Armour
   895 | D:2      | Reached XP level 4. HP: 32/41 MP: 3/3
  1056 | D:2      | Noticed Sigmund
  1073 | D:2      | Killed Sigmund
  1074 | D:2      | Reached skill level 5 in Fighting
  1074 | D:2      | Reached skill level 5 in Armour
  1074 | D:2      | Reached XP level 5. HP: 10/48 MP: 4/4
  1075 | D:2      | HP: 2/48 [frozen (3)]
  1236 | D:2      | Noticed Natasha
  1244 | D:2      | Killed Natasha
  1273 | D:2      | Noticed Robin
  1286 | D:2      | Killed Robin
  1287 | D:2      | Reached XP level 6. HP: 28/56 MP: 5/5
  1385 | D:2      | Noticed Natasha
  1393 | D:2      | Killed Natasha
  2018 | D:3      | Found a faded altar of an unknown god.
  2299 | D:3      | Found a sparkling altar of Nemelex Xobeh.
  2299 | D:3      | Found a broken altar of Ashenzari.
  2504 | D:4      | Found a runed translucent door.
  2505 | D:4      | Noticed Crazy Yiuf
  2512 | D:4      | Killed Crazy Yiuf
  2513 | D:4      | Reached skill level 6 in Armour
  2749 | D:4      | Found a transporter.
  2827 | D:4      | Found a transporter.
  2827 | D:4      | Found a one-way gate to the infinite horrors of the Abyss.
  2827 | D:4      | Noticed a small abomination
  2870 | D:4      | Noticed Darkkill's ghost (amateur HuHu)
  3016 | D:4      | Killed a small abomination
  3039 | D:4      | Reached skill level 1 in Dodging
  3039 | D:4      | Reached XP level 7. HP: 30/62 MP: 6/6
  3042 | D:4      | Killed Darkkill's ghost
  3043 | D:4      | Reached skill level 1 in Maces & Flails
  3043 | D:4      | Reached skill level 7 in Armour
  3043 | D:4      | Reached skill level 5 in Shields
  3064 | D:4      | HP: 3/63 [kobold brigand/+2 short sword of distortion (11)]
  3067 | D:4      | Mangled by a kobold brigand

Illustrated notes

Levels and vault maps discovered:
D:1:      minmay_arrival_three_doors, layout_basic
D:2:      layout_rooms, st_stairs_11, minmay_tripent, uniq_robin, uniq_natasha,
          uniq_sigmund
D:3:      layout_basic, mainiacjoe_overflow_large_starburst,
          chequers_ecumenical_altar_island, minmay_goblin_outpost
D:4:      layout_basic, gammafunk_ghost_abyssal_escape, uniq_crazy_yiuf_cottage

Skill      XL: |  1  2  3  4  5  6  7 |
---------------+----------------------+-----
Fighting       | 4 5 6 |  6.1
Shields        | 4 5 |  5.0
Armour         | 4 5 6 7 |  7.1
Axes           | 3 4 |  4.7
Dodging        | 1 |  1.0
Maces & Flails | 1 |  1.6
Stealth        | |  0.4

Action                   |  1- 3 |  4- 6 |  7- 9 || total
-------------------------+-------+-------+-------++-------
Melee: War axe           |    37 |    90 |       ||   127
       Headbutt          |     5 |    24 |     1 ||    30
       Mace              |       |    27 |    12 ||    39
Throw: Boomerang         |       |     3 |       ||     3
  Use: Scroll            |       |    10 |       ||    10
       Potion            |       |     3 |     1 ||     4
Armor: Scale mail        |    26 |    22 |       ||    48
       Chain mail        |       |    45 |     2 ||    47
Dodge: Dodged            |    17 |    53 |     7 ||    77
Block: Buckler           |    11 |    25 |     3 ||    39

Table legend: (Time is in decaauts)
 A = Elapsed time spent in this place.
 B = Non-inter-level travel time spent in this place.
 C = Inter-level travel time spent in this place.
 D = Time resting spent in this place.
 E = Time spent auto-exploring this place.
 F = Levels seen in this place.
 G = Mean time per level.
                   A        B        C        D        E       F      G
               +--------+--------+--------+--------+--------+-----+--------+
         Total |   3137 |   3023 |    114 |     96 |   2253 |   4 |  784.2 |
       Dungeon |   3137 |   3023 |    114 |     96 |   2253 |   4 |  784.2 |
               +--------+--------+--------+--------+--------+-----+--------+

Top non-repeatable levels by time:
     D:2: 947 daAuts
     D:1: 837 daAuts
     D:3: 682 daAuts
     D:4: 669 daAuts
